 Dungeon Crawl Stone Soup version 0.19.5 (webtiles) character file.

401 greprep the Conjurer (level 6, -7/33 HPs)
             Began as a Deep Elf Conjurer on May 7, 2017.
             Mangled by Exporg's ghost (12 damage)
             ... on level 5 of the Dungeon.
             The game lasted 00:12:00 (4380 turns).

greprep the Conjurer (Deep Elf Conjurer)            Turns: 4380, Time: 00:12:01

Health: -7/33      AC:  4    Str:  5    XL:     6   Next: 54%
Magic:  15/24      EV: 13    Int: 22    God:
Gold:   234        SH:  0    Dex: 15    Spells: 2 memorised, 12 levels left

rFire  . . .     SeeInvis .     d - +1 dagger
rCold  . . .     Gourm    .     a - +0 robe
rNeg   . . .     Faith    .     (no shield)
rPois  .         Spirit   .     (no helmet)
rElec  .         Reflect  .     (no cloak)
rCorr  .         Harm     .     (no gloves)
MR     .....                    k - +1 pair of boots
Stlth  +++.......               (no amulet)
                                u - ring of magical power
                                (no ring)

@: about to teleport
A: no striking features
a: no special abilities


You were on level 5 of the Dungeon.
You were not hungry.

You visited 1 branch of the dungeon, and saw 5 of its levels.

You collected 234 gold pieces.

Inventory:

Hand Weapons
 d - a +1 dagger (weapon)
Missiles
 q - 11 arrows
Armour
 a - a +0 robe (worn)
 k - a +1 pair of boots (worn)
Jewellery
 r - an uncursed ring of ice
 u - a ring of magical power (right hand)
Scrolls
 e - a scroll of remove curse
 f - a scroll of enchant armour
 i - 2 scrolls of teleportation
 l - a scroll of enchant weapon
 n - a scroll of identify
 o - a scroll of magic mapping
Potions
 c - a potion of resistance
 g - a potion of brilliance
 m - 2 potions of agility
 w - a potion of curing
Books
 b - a book of Conjurations

   Spells                             Type                      Level
   a - Magic Dart                     Conjuration                  1
   b - Searing Ray                    Conjuration                  2
   c - Dazzling Spray                 Conjuration/Hexes            3
   d - Fulminant Prism                Conjuration/Hexes            4
   e - Iskenderun's Mystic Blast      Conjuration                  4
   f - Iskenderun's Battlesphere      Conjuration/Charms           5
Comestibles
 h - a slice of pizza
 j - 4 meat rations
 s - a bread ration


   Skills:
 + Level 0.5 Fighting
 + Level 0.8 Short Blades
 + Level 2.8 Dodging
 + Level 4.9 Stealth
 + Level 5.2 Spellcasting
 + Level 6.5 Conjurations


You had 12 spell levels left.
You knew the following spells:

 Your Spells              Type           Power        Failure   Level  Hunger
a - Magic Dart            Conj           ####         1%          1    None
b - Searing Ray           Conj           ####..       1%          2    None


Dungeon Overview and Level Annotations

Branches:
Dungeon (5/15)
 Temple: D:4-7

Altars:

Annotations:
D:5 Exporg's ghost, novice OgBe


Message History

Press: ? - help, Shift-Dir - straight line, f/p - Exporg's ghost
Aim: Exporg's ghost (moderately damaged)
The searing ray misses Exporg's ghost. (Press . to maintain the ray.) Exporg's ghost misses you.
The searing ray hits Exporg's ghost.
Exporg's ghost is moderately damaged.
Exporg's ghost hits you.
The searing ray hits Exporg's ghost.
Exporg's ghost is heavily damaged.
Exporg's ghost barely misses you.
The searing ray hits Exporg's ghost.
Exporg's ghost is heavily damaged.
You finish channeling your searing ray.
Exporg's ghost hits you!
* * * LOW HITPOINT WARNING * * *
You feel better. Exporg's ghost hits you!
* * * LOW HITPOINT WARNING * * *
As you read the scroll of teleportation, it crumbles to dust.
You feel strangely unstable. Exporg's ghost hits you!
You die...

#. ........ #.
........ #W ......
#. #..#
#'######..#########
#.................#
#..[).............#
#.<)......(.......#
#...)..........W@.#
#...!.............#
#.................#
#.....####..####..#
####### #### ####


You could see Exporg's ghost.

Vanquished Creatures
  An ogre (D:4)
  A hound (D:4)
  An orc wizard (D:5)
  Ijyb (D:2)
  2 worker ants (D:4)
  7 adders
  2 oozes
  3 worms
  2 dart slugs
  A leopard gecko (D:1)
  7 orcs
  7 bats
  5 giant cockroaches
  9 hobgoblins
  2 jackals (D:1)
  12 kobolds
  2 quokkas
  3 ball pythons
  7 frilled lizards
  17 goblins
  A jackal skeleton (D:4)
  5 rats
98 creatures vanquished.

Notes
Turn   | Place    | Note
-------+----------+-------------------------------------------
     0 | D:1      | greprep the Deep Elf Conjurer began the quest for the Orb.
     0 | D:1      | Reached XP level 1. HP: 10/10 MP: 6/6
   293 | D:1      | Reached XP level 2. HP: 13/15 MP: 4/8
   297 | D:1      | Learned a level 2 spell: Searing Ray
   538 | D:1      | Reached skill level 5 in Conjurations
   996 | D:1      | Reached XP level 3. HP: 16/19 MP: 5/9
  1314 | D:2      | Noticed Ijyb
  1454 | D:2      | Killed Ijyb
  1454 | D:2      | Reached XP level 4. HP: 18/24 MP: 2/11
  2758 | D:3      | Reached XP level 5. HP: 23/28 MP: 8/12
  2996 | D:3      | Reached skill level 6 in Conjurations
  4175 | D:4      | Noticed an ogre
  4179 | D:4      | Killed an ogre
  4179 | D:4      | Reached XP level 6. HP: 33/33 MP: 15/15
  4351 | D:5      | Entered Level 5 of the Dungeon
  4351 | D:5      | Noticed Exporg's ghost (novice OgBe)
  4355 | D:5      | Reached skill level 5 in Spellcasting
  4380 | D:5      | Mangled by Exporg's ghost

Skill      XL: |  1  2  3  4  5  6 |
---------------+-------------------+-----
Conjurations   | 5 6 |  6.5
Stealth        | 3 4 |  4.9
Spellcasting   | 4 5 |  5.2
Fighting       | |  0.5
Short Blades   | |  0.8
Dodging        | |  2.8

Action                   |  1- 3 |  4- 6 || total
-------------------------+-------+-------++-------
Melee: Dagger            |    52 |    14 ||    66
 Cast: Magic Dart        |    33 |    60 ||    93
       Searing Ray       |    14 |    27 ||    41
  Use: Scroll            |       |    14 ||    14
       Potion            |       |     1 ||     1
 Stab: Sleeping          |     5 |     8 ||    13
  Eat: Bread ration      |     1 |     1 ||     2
       Pizza             |       |     1 ||     1
       Beef jerky        |       |     1 ||     1
Armor: Robe              |     6 |     5 ||    11
Dodge: Dodged            |    28 |    35 ||    63
